 Dungeon Crawl Stone Soup version 0.31-a0-1597-ge7908ec95f (webtiles) character file.

Game seed: 4680011886041693715

75 James the Cutter (level 4, -11/23 HPs)
             Began as a Spriggan Fighter on Jan 7, 2024.
             Killed from afar by Ijyb (15 damage)
             ... with a bolt of acid
             ... on level 2 of the Dungeon.
             The game lasted 00:04:28 (1549 turns).

James the Cutter (Spriggan Fighter)                 Turns: 1549, Time: 00:04:29

Health: -11/23     AC: -1    Str: 12    XL:     4   Next: 11%
Magic:  5/5        EV: 18    Int:  9    God:
Gold:   61         SH:  5    Dex: 16    Spells: 3/3 levels left

rFire   . . .        a - +0 rapier
rCold   . . .        c - +0 buckler
rNeg    . . .        b - +0 robe
rPois   .            (helmet restricted)
rElec   .            h - +0 cloak
rCorr   .            (gloves unavailable)
SInv    +            (boots unavailable)
Will    .....        (no amulet)
Stlth   +            (no ring)
HPRegen 0.23/turn    (no ring)
MPRegen 0.09/turn

%: no passive effects
@: corroded, very quick
A: very small, no large weapons, unfitting armour, see invisible, speed 3
a: no special abilities


You were on level 2 of the Dungeon.
You visited 1 branch of the dungeon, and saw 3 of its levels.

You collected 61 gold pieces.

Inventory:

Hand Weapons
 a - a +0 rapier (weapon)
 k - a +0 spear
   (You found it on level 1 of the Dungeon)
 t - a +0 dagger
   (You took it off a goblin on level 3 of the Dungeon)
Missiles
 e - 42 stones
 l - 2 throwing nets {!f}
Armour
 b - a +0 robe (worn)
 c - a +0 buckler (worn)
 h - a +0 cloak (worn)
   (You found it on level 1 of the Dungeon)
Wands
 x - a wand of acid (2)
   (You found it on level 3 of the Dungeon)
Scrolls
 g - a scroll of blinking {unknown}
 i - a scroll of revelation {unknown}
 j - 2 scrolls of teleportation {unknown}
 m - a scroll of poison {unknown}
 n - 2 scrolls of amnesia {unknown}
 o - a scroll of identify {unknown}
 p - a scroll of noise {unknown}
 r - a scroll of fog {unknown}
 s - a scroll of fear {unknown}
Potions
 d - 2 potions of might
 f - a potion of attraction {unknown}
 q - a potion of mutation {unknown}


   Skills:
 - Level 2.4 Fighting
 + Level 4.9 Short Blades
 - Level 4.0 Dodging
 - Level 2.1 Shields


You had 3 spell levels left.
You didn't know any spells.
Your spell library contained the following spells:

 Spells                   Type           Power      Damage    Failure   Level
 Tukima's Dance           Hex            0%         N/A       86%         3
 Dimensional Bullseye     Hex/Tloc       0%         N/A       99%         4
 Iskenderun's Mystic Bla  Conj/Tloc      0%         2d3       99%         4


Dungeon Overview and Level Annotations

Branches:
Dungeon (3/15)

Altars:

Annotations:
D:2 Ijyb, Sigmund


Innate Abilities, Weirdness & Mutations

You are very small and have problems with some larger weapons.
You are too small for most types of armour.
You have supernaturally acute eyesight. (SInv)
You cover ground extremely quickly. (Speed+++)


Message History

Things that are here:
a +0 dagger; a goblin corpse
There is a stone staircase leading up here.
You climb upwards.
Level annotation: Sigmund
There is a stone staircase leading down here.
You start resting.
You climb downwards.
Level annotation: Ijyb
There is a stone staircase leading up here.
Ijyb screams, "Me stronger than you!"
You barely miss Ijyb.
Ijyb zaps a wand.
The bolt of acid hits you!
Ouch! That really hurt!
* * * LOW HITPOINT WARNING * * *
The acid corrodes you!
Unknown command.
Ijyb attacks as she pursues you! Ijyb closely misses you.
There is a stone staircase leading up here.
You climb upwards.
Level annotation: Sigmund
There is a stone staircase leading down here.
You start resting.
You are no longer corroded.
You start resting.
You climb downwards.
Level annotation: Ijyb Ijyb completely misses you.
There is a stone staircase leading up here.
Ijyb zaps a wand.
The bolt of acid misses you.
You climb upwards.
Level annotation: Sigmund
There is a stone staircase leading down here.
You hit Ijyb but do no damage.
Ijyb zaps a wand.
The bolt of acid hits you!!
Ouch! That really hurt!
* * * LOW HITPOINT WARNING * * *
The acid corrodes you! Ijyb screams, "I no like you!"
Ijyb zaps a wand.
The bolt of acid misses you.
Things that are here:
a +0 club; a +0 short sword Ijyb zaps a wand.
The bolt of acid hits you!
Ouch! That really hurt!
You die...

##..### #........#
###...###........#######
#......................#
.....................###
#..........################
..........## #........#
..........###### #...>....#
...............###.....>..#
..........####..@)...g....#
#.........# #####........#
..........# #........#
#.........###### #........#
#####..........###........#
### #..........##.........#
..###.....................#
#..##..........############
##.#...........#


You could see Ijyb.

Vanquished Creatures
  2 adders
  2 dart slugs (D:1)
  5 ball pythons
  7 bats
  4 endoplasms
  2 giant cockroaches
  4 goblins
  5 hobgoblins
  5 kobolds
  5 quokkas
  2 frilled lizards
  3 rats
46 creatures vanquished.

Notes
Turn   | Place    | Note
-------+----------+-------------------------------------------
     0 | D:1      | James the Spriggan Fighter began the quest for the Orb.
     0 | D:1      | Reached XP level 1. HP: 11/11 MP: 2/2
   100 | D:1      | Reached XP level 2. HP: 16/16 MP: 3/3
   375 | D:1      | Found a faded altar of an unknown god.
   470 | D:1      | Reached XP level 3. HP: 19/19 MP: 4/4
   659 | D:2      | Noticed Sigmund
  1275 | D:3      | Reached XP level 4. HP: 16/23 MP: 5/5
  1341 | D:3      | Noticed Ijyb
  1549 | D:2      | Killed from afar by Ijyb

Illustrated notes

Levels and vault maps discovered:
D:1:      orjb1_lava_funnel, layout_basic, ebering_ecumenical_altar_hall,
          serial_park_tiny_2
D:2:      layout_rooms, uniq_sigmund
D:3:      layout_loops_ring, serial_bayou_pond_c, uniq_ijyb, uniq_natasha

Skill      XL: |  1  2  3 |
---------------+----------+-----
Short Blades   | 3 4 |  4.9
Fighting       | |  2.4
Dodging        | |  4.0
Shields        | |  2.1

Action                     |  1- 3 |  4- 6 || total
---------------------------+-------+-------++-------
  Melee: Rapier            |   126 |    21 ||   147
   Stab: Sleeping          |     3 |       ||     3
 Armour: Robe              |    32 |     8 ||    40
  Dodge: Dodged            |    81 |    13 ||    94
  Block: Buckler           |    29 |     5 ||    34

Table legend: (Time is in decaauts)
 A = Elapsed time spent in this place.
 B = Non-inter-level travel time spent in this place.
 C = Inter-level travel time spent in this place.
 D = Time resting spent in this place.
 E = Time spent auto-exploring this place.
 F = Levels seen in this place.
 G = Mean time per level.
                   A        B        C        D        E       F      G
               +--------+--------+--------+--------+--------+-----+--------+
         Total |   1117 |   1095 |     22 |    193 |    506 |   3 |  372.3 |
       Dungeon |   1117 |   1095 |     22 |    193 |    506 |   3 |  372.3 |
               +--------+--------+--------+--------+--------+-----+--------+

Top non-repeatable levels by time:
     D:2: 479 daAuts
     D:1: 440 daAuts
     D:3: 197 daAuts
